 Dungeon Crawl Stone Soup version 0.24.0-1-gfbc8707122 (webtiles) character file.

Game seed: 7386566518088956066, levelgen mode: deterministic

1680 Emblim88 the Shooter (level 8, -2/70 HPs)
             Began as a Centaur Hunter on Oct 28, 2019.
             Was a Believer of Dithmenos.
             Shot with a sling bullet by Joseph (3 damage)
             ... on level 7 of the Dungeon.
             The game lasted 00:14:40 (8995 turns).

Emblim88 the Shooter (Centaur Hunter)               Turns: 8995, Time: 00:14:41

Health: -2/70      AC:  9    Str: 15    XL:     8   Next: 71%
Magic:  11/11      EV:  7    Int: 10    God:    Dithmenos [**....]
Gold:   380        SH:  0    Dex: 12    Spells: 7/7 levels left

rFire    . . .     SeeInvis .   s - +1 hunting sling (freeze)
rCold    . . .     Gourm    .   (no shield)
rNeg     . . .     Faith    .   x - +0 scale mail
rPois    .         Spirit   .   A - +0 helmet
rElec    .         Reflect  .   d - +0 cloak
rCorr    .         Harm     .   q - +0 pair of gloves
MR       .....                  (no barding)
Stlth    ++........             k - amulet of magic regeneration
HPRegen  0.21/turn              m - ring of stealth
MPRegen  0.37/turn              (no ring)

@: marked, wreathed by umbra, very quick
A: large, hooves 3, deformed body, speed 2, tough skin 3
a: Shadow Step, Renounce Religion


You were on level 7 of the Dungeon.
You worshipped Dithmenos.
Dithmenos was pleased with you.
You were not hungry.

You visited 1 branch of the dungeon, and saw 7 of its levels.

You collected 380 gold pieces.

Inventory:

Hand Weapons
 a - a +1 shortbow
 b - a +0 short sword
 s - a +1 hunting sling of freezing (weapon)
Missiles
 h - 7 sling bullets
 n - 139 stones (quivered)
 r - 94 arrows
Armour
 d - a +0 cloak (worn)
 q - a +0 pair of gloves (worn)
 x - a +0 scale mail (worn)
 A - a +0 helmet (worn)
Jewellery
 k - an amulet of magic regeneration (around neck)
 m - a ring of stealth (left hand)
Wands
 o - a wand of flame (19)
 H - a wand of digging (4)
 I - a wand of clouds (6)
Scrolls
 e - a scroll of fear
 g - 3 scrolls of teleportation
 p - 3 scrolls of remove curse
 y - 2 scrolls of amnesia
 C - a scroll of brand weapon
 G - 3 scrolls of identify
Potions
 i - 2 potions of lignification
 j - 2 potions of curing
 l - 4 potions of flight
 t - 2 potions of brilliance
 u - a potion of invisibility {unknown}
 v - 2 potions of magic {unknown}
 w - a potion of resistance {unknown}
 z - a potion of ambrosia {unknown}
 B - a potion of degeneration {unknown}
 D - 3 potions of haste
 E - a potion of cancellation {unknown}
 F - a potion of might {unknown}
Comestibles
 f - 6 rations


   Skills:
 + Level 5.7 Fighting
 * Level 6.6 Slings
 - Level 6.7 Bows
 - Level 1.3 Dodging
 * Level 3.2 Stealth
 + Level 4.0 Evocations


You had 7 spell levels left.
You didn't know any spells.
Your spell library was empty.

Dungeon Overview and Level Annotations

Branches:
Dungeon (7/15)             Temple (0/1) D:4

Altars:
Cheibriados
Dithmenos
Gozag
Makhleb
Qazlal
Ru
Sif Muna
Uskayaw
Xom
The Shining One

Annotations:
D:7 Harold, Joseph


Innate Abilities, Weirdness & Mutations

You have hooves in place of feet.
Armour fits poorly on your strangely shaped body.
You cover ground very quickly.
You have extremely tough skin. (AC +3)


Message History

Harold hits you with a +0 war axe.
Joseph unwields a +0 quarterstaff.
Joseph wields a +2 hunting sling of flaming.
It bursts into flame!
Joseph shoots a sling bullet.
The sling bullet hits you! The sling bullet burns you.
* * * LOW HITPOINT WARNING * * *
You see here a sling bullet.
The hound closely misses you. Harold gestures at you while chanting.
The harpoon shot hits you!
* * * LOW HITPOINT WARNING * * *
You are yanked forward by the harpoon shot.
Joseph shoots a sling bullet.
The sling bullet hits you.
* * * LOW HITPOINT WARNING * * *
The sling bullet burns you.
* * * LOW HITPOINT WARNING * * *
The hound bites you but does no damage.
You see here a sling bullet.
Joseph shoots a sling bullet.
The sling bullet hits you.
You die...

#.# #..# #.# #..# #.
#####.###..#### . #.##
#(.....(......## .. #...
##.........##..###... #...
######..(......(........ ....
#.............@.....##. #...
######..#.#.#..h...(# #. #
#...........@#.(.# #.##
#.#(.#.#@#...#...# #...
####.#(.#.#.#...#(..#### #...
#....................... ##...
###..#(.................. ......
#...(.........#.#.##........##
#.##(##(#.#.(.....# ....... #.
#.##.##.....).....##........#.
###.##.##.....?.................


You could see Harold, Joseph and a hound.

Vanquished Creatures
  A hungry ghost (D:4)
  2 ice beasts (D:7)
  A sky beast (D:5)
  A phantom (D:4)
  A centaur (D:6)
  2 bullfrogs
  A jelly (D:6)
  3 scorpions
  2 howler monkeys (D:4)
  A crimson imp (D:5)
  2 hounds
  An orc priest (D:7)
  2 orc wizards
  Crazy Yiuf (D:2)
  A centaur skeleton (D:4)
  4 iguanas
  Natasha (D:3)
  2 worker ants (D:7)
  A hound skeleton (D:7)
  16 adders
  A shadow imp (D:6)
  An adder zombie (D:6)
  2 adder skeletons
  3 worms
  A dart slug (D:4)
  4 leopard geckos
  14 orcs
  8 giant cockroaches
  9 goblins
  8 hobgoblins
  7 jackals
  7 kobolds
  3 quokkas
  A ball python (D:1)
  8 bats
  6 frilled lizards
  2 leopard gecko skeletons
  A leopard gecko zombie (D:5)
  2 quokka skeletons
  7 rats
141 creatures vanquished.

Vanquished Creatures (others)
  4 toadstools (D:1)
4 creatures vanquished.

Grand Total: 145 creatures vanquished

Notes
Turn   | Place    | Note
-------+----------+-------------------------------------------
     0 | D:1      | Emblim88 the Centaur Hunter began the quest for the Orb.
     0 | D:1      | Reached XP level 1. HP: 17/17 MP: 1/1
   142 | D:1      | Reached XP level 2. HP: 25/25 MP: 2/2
   898 | D:2      | Reached XP level 3. HP: 30/30 MP: 3/3
   990 | D:2      | Found a shadowy altar of Dithmenos.
  1458 | D:2      | Found a shimmering altar of Xom.
  1803 | D:2      | Reached XP level 4. HP: 20/38 MP: 4/4
  2268 | D:2      | Found a runed translucent door.
  2269 | D:2      | Noticed Crazy Yiuf
  2412 | D:2      | You fall into a shaft and drop 1 floor!
  2670 | D:2      | Killed Crazy Yiuf
  2670 | D:2      | Reached skill level 1 in Evocations
  3384 | D:3      | Reached XP level 5. HP: 35/46 MP: 5/5
  3404 | D:3      | Found a sacrificial altar of Ru.
  3408 | D:3      | Reached skill level 1 in Slings
  3772 | D:3      | Noticed Natasha
  3788 | D:3      | Killed Natasha
  4166 | D:3      | Found a snail-covered altar of Cheibriados.
  4312 | D:2      | Became a worshipper of Dithmenos the Shadowed
  4548 | D:4      | Reached XP level 6. HP: 52/52 MP: 7/7
  4589 | D:4      | Noticed a hungry ghost
  4675 | D:4      | Killed a hungry ghost
  4675 | D:4      | Reached skill level 1 in Stealth
  4789 | D:4      | Reached XP level 7. HP: 58/60 MP: 8/8
  5276 | D:4      | Found a shimmering blue altar of Sif Muna.
  5501 | D:4      | Found a staircase to the Ecumenical Temple.
  5588 | D:5      | Entered Level 5 of the Dungeon
  5911 | D:5      | Reached skill level 5 in Slings
  6128 | D:5      | Found an opulent altar of Gozag.
  6203 | D:5      | Reached skill level 5 in Fighting
  6532 | D:6      | Reached * piety under Dithmenos
  6630 | D:6      | Found a stormy altar of Qazlal.
  6737 | D:6      | Reached XP level 8. HP: 40/68 MP: 10/10
  7911 | D:7      | Found a glowing golden altar of the Shining One.
  7912 | D:7      | Found a burning altar of Makhleb.
  7912 | D:7      | Found a hide-covered altar of Uskayaw.
  8435 | D:7      | Reached ** piety under Dithmenos
  8596 | D:7      | Noticed Joseph
  8611 | D:7      | Noticed Harold
  8994 | D:7      | HP: 3/70 [Joseph/sling bullet (5)]
  8994 | D:7      | HP: 1/70 [Joseph/sling bullet (2)]
  8995 | D:7      | Shot with a sling bullet by Joseph

Levels and vault maps discovered:
D:1:      ldierk_walled_garden_2, layout_basic, minmay_stone_trees_small
D:2:      layout_basic, tgw_xom, nicolae_overflow_crystal_walls,
          uniq_crazy_yiuf_cottage
D:3:      layout_loops_ring, cheibriados_altar_1,
          nicolae_ru_sacrificial_ziggurat, uniq_natasha
D:4:      layout_basic, minmay_temple_entry_nine_rooms, led_sif_pool
D:5:      layout_basic, lemuel_round_altar, first_ration,
          kennysheep_another_room, kennysheep_generic_room_13
D:6:      layout_basic, nicolae_qazlal_general_emergency
D:7:      layout_basic, chequers_temple_overflow_statue_of_worship, the_bakery,
          uniq_joseph, uniq_harold

Skill      XL: |  1  2  3  4  5  6  7  8 |
---------------+-------------------------+-----
Bows           | 6 |  6.7
Fighting       | 3 4 5 |  5.7
Evocations     | 1 2 3 4 |  4.0
Slings         | 2 3 5 6 |  6.6
Stealth        | 1 2 3 |  3.2
Dodging        | |  1.3

Action                   |  1- 3 |  4- 6 |  7- 9 || total
-------------------------+-------+-------+-------++-------
Melee: Short sword       |    59 |    11 |    10 ||    80
       Kick              |     7 |     2 |     1 ||    10
 Fire: Shortbow          |    82 |    25 |       ||   107
       Hunting sling     |       |   168 |   393 ||   561
Throw: Stone             |       |     5 |       ||     5
  Use: Scroll            |       |       |     8 ||     8
       Potion            |       |       |     7 ||     7
  Eat: Ration            |     1 |     4 |     2 ||     7
       Chunk             |       |       |     4 ||     4
Armor: Leather armour    |    33 |    17 |       ||    50
       Scale mail        |       |    14 |   104 ||   118
       Skin              |       |     1 |       ||     1
Dodge: Dodged            |    48 |    42 |    74 ||   164
